 Dungeon Crawl Stone Soup version 0.30.1-3-gfc49f6343a (webtiles) character file.

Game seed: 3107521309992718450

215604 spardeous the Destroyer (level 17, -6/136 HPs)
             Began as a Demigod Conjurer on Aug 8, 2023.
             Killed from afar by Aizul (27 damage)
             ... with a poison arrow
             ... on level 2 of the Swamp.
             The game lasted 01:39:36 (46683 turns).

spardeous the Destroyer (Demigod Conjurer)         Turns: 46683, Time: 01:39:37

Health: -6/136     AC: 25    Str: 18    XL:     17   Next: 70%
Magic:  1/56       EV: 12    Int: 37    God:
Gold:   1148       SH: 11    Dex: 12    Spells: 8/40 levels left

rFire   + + .        k - +9 falchion "Feennuus" {venom, Str+2 Int+4}
rCold   + + +        J - +0 kite shield
rNeg    + . .        T - +0 shadow dragon scales of the Hills {Int+3 Stlth++++}
rPois   .            w - +0 helmet of Rideo {rF+ rC++ rN+ Int-2 Slay+3}
rElec   +            A - scarf {rC+ rF+}
rCorr   .            h - +3 pair of gloves of the Maze {Fly}
SInv    .            U - +2 pair of boots
Will    +....        g - amulet "Ociuscharr" {RegenMP rElec MP+9}
Stlth   +++          x - +5 ring of evasion
HPRegen 1.22/turn    W - ring of magical power
MPRegen 0.75/turn

%: no passive effects
@: lethally poisoned (-6 -> -35), flying, studying 2 skills
A: high MP 1, forlorn, divine attributes, claws 1, hooves 1, regeneration 1
}: 1/15 runes: gossamer
a: no special abilities


You were on level 2 of the Swamp.
You visited 5 branches of the dungeon, and saw 29 of its levels.
You also visited: Sewer and Ice Cave.

You collected 3488 gold pieces.
You spent 2340 gold pieces at shops.

Inventory:

Hand Weapons
 k - the +9 falchion "Feennuus" (weapon) {venom, Str+2 Int+4}
   (You found it on level 11 of the Dungeon)

   Str:       It affects your strength (+2).
   Int:       It affects your intelligence (+4).
Armour
 h - the +3 pair of gloves of the Maze (worn) {Fly}
   (You took it off Nikola on level 1 of the Spider Nest)

   Fly:       It grants you flight.
 m - the +6 tower shield of Cilezanipt {rF++ Will- rCorr Dex-2}
   (You took it off Louise on level 14 of the Dungeon)

   Dex:       It affects your dexterity (-2).
   rF:        It greatly protects you from fire.
   rCorr:     It protects you from acid and corrosion.
   Will:      It decreases your willpower.
 w - the +0 helmet of Rideo (worn) {rF+ rC++ rN+ Int-2 Slay+3}
   (You bought it in a shop on level 2 of the Orcish Mines)

   Int:       It affects your intelligence (-2).
   Slay:      It affects your accuracy & damage with ranged weapons and melee
   (+3).
   rF:        It protects you from fire.
   rC:        It greatly protects you from cold.
   rN:        It protects you from negative energy.
 A - a scarf of resistance (worn)
 J - a +0 kite shield (worn)
 T - the +0 shadow dragon scales of the Hills (worn) {Int+3 Stlth++++}
   (You bought it in a shop on level 2 of the Orcish Mines)

   Int:       It affects your intelligence (+3).
   Stlth:     It makes you much more stealthy.
 U - a +2 pair of boots (worn)
Magical Staves
 F - the staff of earth "Joenen Huuci" {Will+ MP+9}
   (You found it on level 13 of the Dungeon)

   [staff of earth]

   Base accuracy: +5 Base damage: 5 Base attack delay: 1.2 This weapon's minimum
   attack delay (0.6) is reached at skill level 12.
   MP:        It affects your magic capacity (+9).
   Will:      It increases your willpower.
   It falls into the 'Staves' category.
   It is a one-handed weapon.
Jewellery
 b - a +6 ring of intelligence
 g - the amulet "Ociuscharr" (around neck) {RegenMP rElec MP+9}
   (You acquired it on level 4 of the Lair of Beasts)

   [amulet of magic regeneration]

   It increases your rate of magic regeneration.
   rElec:     It insulates you from electricity.
   MP:        It affects your magic capacity (+9).
 l - a ring of poison resistance
 p - a +4 ring of protection
 s - an amulet of reflection
 x - a +5 ring of evasion (left hand)
 H - a ring of see invisible
 I - a ring of magical power
 O - a ring of wizardry
 W - a ring of magical power (right hand)
Wands
 n - a wand of light (4)
 u - a wand of flame (75)
 M - a wand of iceblast (32)
 N - a wand of mindburst (7)
 Y - a wand of polymorph (7)
Scrolls
 a - 2 scrolls of immolation
 i - 10 scrolls of teleportation
 r - 8 scrolls of poison
 t - 6 scrolls of fear
 v - 6 scrolls of magic mapping
 y - 6 scrolls of amnesia
 z - 9 scrolls of enchant weapon
 D - 2 scrolls of butterflies
 P - 3 scrolls of silence
 R - 4 scrolls of blinking
 S - 5 scrolls of fog
 X - a scroll of torment
 Z - a scroll of enchant armour
Potions
 c - 7 potions of attraction
 d - 5 potions of mutation
 e - 9 potions of curing
 f - 7 potions of might
 j - 6 potions of invisibility
 o - 11 potions of ambrosia
 q - a potion of heal wounds
 B - 3 potions of resistance
 C - 2 potions of lignification
 E - 3 potions of flight
 G - 2 potions of berserk rage
 K - 3 potions of brilliance
 L - 2 potions of cancellation
 V - 4 potions of haste


   Skills:
 - Level 8.8 Fighting
 + Level 12.0 Long Blades
 - Level 10.2 Armour
 - Level 1.7 Dodging
 - Level 1.7 Stealth
 - Level 10.6 Shields
 - Level 12.0 Spellcasting
 - Level 12.1 Conjurations
 - Level 9.5 Necromancy
 - Level 11.0 Translocations
 - Level 5.4 Transmutations
 - Level 8.0 Earth Magic


You had 8 spell levels left.
You knew the following spells:

 Your Spells              Type           Power      Damage    Failure   Level
a - Magic Dart            Conj           100%       1d8       1%          1
b - Searing Ray           Conj           100%       2d8       1%          2
c - Iskenderun's Mystic   Conj/Tloc      82%        2d16      2%          4
d - Statue Form           Tmut/Erth      42%        N/A       95%         6
e - Wereblood             Tmut           58%        N/A       4%          2
f - Borgnjor's Vile Clut  Necr/Erth      36%        N/A       22%         5
g - Sublimation of Blood  Necr           75%        N/A       1%          2
h - Iron Shot             Conj/Erth      38%        9d8       56%         6
i - Leda's Liquefaction   Hex/Erth       25%        N/A       50%         4

Your spell library contained the following spells:

 Spells                   Type           Power      Damage    Failure   Level
 Kiss of Death            Conj/Necr      100%       2d13      1%          1
 Animate Dead             Necr           75%        N/A       5%          4
 Dispel Undead            Necr           75%        3d25      5%          4
 Dazzling Flash           Conj/Hex       100%       N/A       8%          3
 Hailstorm                Conj/Ice       61%        3d13      8%          3
 Volatile Blastmotes      Fire/Tloc      100%       2d18      9%          3
 Mephitic Cloud           Conj/Pois/Air  51%        N/A       17%         3
 Fulminant Prism          Conj/Hex       30%        3d16      24%         4
 Freeze                   Ice            88%        1d9       28%         1
 Lee's Rapid Deconstruct  Erth           34%        3d17*     30%         5
 Call Imp                 Summ           44%        N/A       41%         2
 Poisonous Vapours        Pois/Air       44%        N/A       41%         2
 Confusing Touch          Hex            22%        N/A       65%         3
 Frozen Ramparts          Ice            44%        1d7       65%         3
 Death Channel            Necr           37%        N/A       65%         6
 Freezing Cloud           Conj/Ice/Air   25%        6-21      83%         5
 Alistair's Intoxication  Tmut/Pois      28%        N/A       95%         5
 Starburst                Conj/Fire      30%        6d9       98%         6
 Simulacrum               Ice/Necr       27%        N/A       99%         6
 Eringya's Noxious Bog    Tmut/Pois      21%        N/A       100%        6
 Ozocubu's Refrigeration  Ice            11%        4d9       100%        7
 Summon Hydra             Summ           11%        N/A       100%        7
 Polar Vortex             Ice            11%        N/A       100%        9


Dungeon Overview and Level Annotations

Branches:
Dungeon (15/15)            Temple (0/1) D:7            Lair (5/5) D:11
  Swamp (3/4) Lair:3       Spider (4/4) Lair:2        Slime (0/5) Lair:5
    Orc (2/2) D:12            Elf (0/3) Orc:2        Vaults (0/5) D:13
 Depths (0/4) D:15          Sewer (visited)           IceCv (visited)

Shops:
D:14 *   Orc:2 ([[[!(**(

Portals:
Abyss: Swamp:2

Annotations:
D:14 Roxanne
D:15 2 transporters, Uwkoecio's ghost, journeyman HOFi
Swamp:2 2 transporters, Aizul; Buem's ghost, adept OgHs


Innate Abilities, Weirdness & Mutations

You have an increased reservoir of magic. (+10% MP)
You shall have no god before yourself.
Your divine heritage dramatically boosts your attributes as you level up.
You have sharp fingernails.
You have large cloven feet.
Your natural rate of healing is unusually fast.


Message History

You regained 23 hp, and now have 54/136 hp.
Casting: Iskenderun's Mystic Blast (mildly dangerous; 2% risk of failure)
Confirm with . or Enter, or press ? or * to list all spells.
You erupt in a blast of force!
The mystic blast hits Aizul.
Aizul is heavily wounded.
You feel very sick. Aizul hits you!
* * * LOW HITPOINT WARNING * * *
Aizul hits you.
* * * LOW HITPOINT WARNING * * *
You take 13 damage, and have 41/136 hp.
You now have 2/56 mp.
You slash Aizul!
Aizul looks as sick as possible!
Aizul is heavily wounded.
You feel sick. Aizul misses you.
You take 1 damage, and have 40/136 hp.
You slice Aizul!!
Aizul is severely wounded.
You feel sick.
Aizul coils herself and waves her upper body at you.
The bolt of poison hits you!
You are more poisoned.
* * * LOW HITPOINT WARNING * * *
You take 8 damage, and have 32/136 hp.
You feel better. Aizul hits you but does no damage. Aizul casts a spell at you.
The bolt of poison hits you!
You are poisoned.
* * * LOW HITPOINT WARNING * * *
You take 7 damage, and have 25/136 hp.
Unknown command.
Casting: Iskenderun's Mystic Blast (mildly dangerous; 2% risk of failure)
Confirm with . or Enter, or press ? or * to list all spells.
You erupt in a blast of force!
The mystic blast hits Aizul!
Aizul is almost dead.
Aizul is knocked back by the mystic blast.
You feel very sick.
Aizul coils herself and waves her upper body at you.
The poison arrow hits you!!
You are lethally poisoned!
You die...

.~§~♣♣ ♣♣.....♣♣♣♣♣.~.. ..~..♣
♣...~...).~..... ~....♣♣
♣♣~.~~..~..~..~. ≈~....♣
♣♣♣§...♣...~.~~.~~ ≈≈.♣.♣♣♣
♣♣...~~............ ≈≈.~.~.♣♣
♣..~~♣............. ≈.......♣
♣♣.♣♣♣.....©....?.# .......~♣♣♣
♣.♣♣.....###....##
≈..♣~~.~..♣♣♣♣♣♣@.S~....#X##..###
≈.~♣♣♣.....♣♣.♣..~~~~...#.t#..#X.
≈.~♣ ♣♣........♣.~~~...##.##..##.
≈~~♣ ♣..♣~♣..♣.♣..~~..#..##...##
♣♣.♣ ♣..~~♣.♣~~.~~.♣..#...##....
...♣ ♣.~♣~..♣.§♣~~.♣..###. ###©#
#♣♣♣ ♣♣.~~.~§~.~~~.~♣...###.. ###
# ♣..~§~♣~~.~§~.♣[.....#©# ∩[. #
♣.♣~~~~~.♣♣.~.......##:.#.♣#


You could see Aizul (extremely poisoned).

Vanquished Creatures
  Nikola (Spider:1)
  Arachne (Spider:4)
  Jorgrun (Orc:2)
  Rupert (D:13)
  A tentacled monstrosity (Swamp:3)
  Gastronok (Lair:1)
  Frances (D:14)
  A tengu reaver (D:13)
  Agnes (Spider:3)
  A fenstrider witch (Swamp:3)
  2 emperor scorpions
  A fire giant (D:13)
  Louise (D:14)
  4 ghost moths
  An orc warlord (Orc:1)
  2 broodmothers (Spider:4)
  4 very ugly things
  3 reapers (IceCv)
  4 eleionomae
  3 bunyips
  Azrael (Orc:2)
  The ghost of Petet the Severer, a journeyman HOGl of Trog (Lair:3)
  A spark wasp (Spider:1)
  Snorg (Orc:1)
  Josephine (Orc:2)
  5 entropy weavers
  A ghost crab (Swamp:2)
  The ghost of bairyn the Slicer, a journeyman SpRe of Sif Muna (Lair:1)
  3 caustic shrike simulacra (IceCv)
  An ice dragon (Lair:1)
  5 jorogumos
  16 hydras
  10 boulder beetles
  3 centaur warriors
  Erica (Orc:1)
  3 radroaches
  4 two-headed ogres
  3 alligators (Swamp:1)
  A death scarab (Spider:1)
  2 tengu warriors (D:14)
  The ghost of cdecastro the Basher, a novice AtWr of Fedhas (D:10)
  12 death yaks
  A skyshark (Lair:3)
  7 pharaoh ants
  2 goliath frogs (Swamp:1)
  Lodul (D:13)
  2 spriggan druids
  7 orb spiders
  A wizard (D:15)
  2 obsidian statues (IceCv)
  3 swamp dragons
  A deep troll (shapeshifter) (D:13)
  12 steelbarb worms
  5 orc knights (Orc:2)
  2 phantasmal warriors (D:13)
  3 spriggan simulacra (IceCv)
  A bog body (Swamp:3)
  2 deep elf zephyrmancers (D:15)
  A necromancer (D:15)
  23 wolf spiders
  2 orc sorcerers
  7 deep elf pyromancers
  13 ugly things
  5 cyclopes
  4 will-o-the-wisps
  3 manticores
  5 elephants (Lair:3)
  6 moths of wrath
  A naga mage (D:15)
  3 gargoyles
  9 black mambas
  10 torpor snails
  Maurice (D:13)
  16 demonic crawlers
  A kobold demonologist (D:13)
  An efreet (D:13)
  15 cane toads
  2 centaur skeletons (D:15)
  10 rime drakes
  Psyche (D:8)
  8 komodo dragons
  4 freezing wraiths (IceCv)
  An ice devil (IceCv)
  7 trolls
  2 golden dragon simulacra (IceCv)
  A wind drake (shapeshifter) (D:13)
  A queen bee (D:10)
  12 hornets
  6 meliai
  22 tarantellas
  2 tyrant leeches (Swamp:1)
  6 polar bears
  A wolf spider simulacrum (D:13)
  24 blink frogs
  A tarantella (shapeshifter) (D:13)
  8 dream sheep
  21 jumping spiders
  17 slime creatures
  3 vampires
  17 spriggans
  13 wyverns
  9 wraiths
  17 culicivoras
  6 shadows
  57 yaks
  7 basilisks
  3 fire elementals (Orc:2)
  48 redbacks
  3 steam dragons
  5 vampire mosquitoes
  A catoblepas simulacrum (Lair:1)
  Menkaure (D:7)
  8 wargs
  7 swamp worms
  13 water moccasins
  5 hydra simulacra
  An acid dragon (D:11)
  A floating eye (shapeshifter) (D:13)
  3 hell hounds
  4 swamp drakes
  3 ice beasts
  Pargi (Sewer)
  2 sky beasts (D:8)
  3 ettin simulacra (IceCv)
  38 orc warriors
  3 black bears
  A black mamba simulacrum (Lair:1)
  17 ogres
  33 wolves
  4 boggarts (Lair:5)
  4 centaurs
  3 phantoms
  18 bullfrogs
  6 gnoll sergeants
  4 scorpions
  3 cane toad simulacra (Lair:1)
  A hornet simulacrum (D:15)
  5 wights
  A jelly (D:5)
  22 killer bees
  2 electric eels
  7 howler monkeys
  A wyvern simulacrum (Lair:1)
  2 hounds (D:6)
  4 gnoll boudas
  10 orc priests
  8 iguanas
  15 orc wizards
  6 hell rats (D:14)
  A boggart skeleton (D:15)
  6 ogre zombies (D:12)
  25 gnolls
  10 adders
  3 shadow imps
  A white imp (D:8)
  2 ufetubi
  2 worms (Lair:2)
  A dart slug (D:2)
  68 orcs
  4 endoplasms
  8 giant cockroaches
  6 goblins
  8 hobgoblins
  6 jackals
  4 quokkas
  5 ball pythons
  10 bats
  2 frilled lizards (D:3)
  A goblin skeleton (D:12)
  2 goblin zombies (D:12)
  A hobgoblin zombie (D:12)
  13 kobolds
  2 orc skeletons (D:12)
  13 orc zombies (D:12)
  3 rats
1113 creatures vanquished.

Vanquished Creatures (others)
  A two-headed ogre (D:8)
  A kobold brigand (D:8)
  32 foxfires (Swamp:3)
34 creatures vanquished.

Grand Total: 1147 creatures vanquished

Notes
Turn   | Place    | Note
-------+----------+-------------------------------------------
     0 | D:1      | spardeous the Demigod Conjurer began the quest for the Orb.
     0 | D:1      | Reached XP level 1. HP: 14/14 MP: 5/5
   269 | D:1      | Reached XP level 2. HP: 20/20 MP: 0/7
  1128 | D:2      | Learned a level 2 spell: Searing Ray
  1282 | D:2      | Reached XP level 3. HP: 26/26 MP: 3/9
  2337 | D:3      | You fall into a shaft and drop 1 floor!
  2366 | D:4      | Reached XP level 4. HP: 33/33 MP: 6/11
  2624 | D:4      | Learned a level 4 spell: Iskenderun's Mystic Blast
  3116 | D:4      | Reached skill level 5 in Conjurations
  3116 | D:4      | Reached XP level 5. HP: 31/38 MP: 6/13
  3561 | D:5      | Entered Level 5 of the Dungeon
  3882 | D:5      | Reached XP level 6. HP: 44/45 MP: 2/15
  4400 | D:5      | Noticed a water moccasin
  4406 | D:5      | Killed a water moccasin
  4539 | D:5      | Reached XP level 7. HP: 50/50 MP: 7/16
  4611 | D:5      | Noticed a steam dragon
  4639 | D:5      | Killed a steam dragon
  5379 | D:6      | Reached XP level 8. HP: 57/57 MP: 4/17
  5639 | D:6      | Found a glowing drain.
  5650 | Sewer    | Entered a sewer
  5745 | Sewer    | Noticed Pargi
  5755 | Sewer    | Killed Pargi
  5983 | D:6      | Reached skill level 10 in Conjurations
  6075 | D:6      | Reached skill level 1 in Translocations
  6676 | D:7      | Found a staircase to the Ecumenical Temple.
  6886 | D:7      | Reached XP level 9. HP: 59/62 MP: 5/18
  7044 | D:7      | Reached skill level 5 in Translocations
  7482 | D:7      | Noticed Menkaure
  7491 | D:7      | Killed Menkaure
  7694 | D:7      | Noticed a two-headed ogre
  7710 | D:7      | Killed a two-headed ogre
  7965 | D:8      | Noticed Psyche
  7969 | D:8      | Noticed a two-headed ogre
  8432 | D:8      | Reached XP level 10. HP: 61/69 MP: 15/21
  8433 | D:8      | Reached skill level 5 in Spellcasting
  8644 | D:8      | Killed a two-headed ogre
  8815 | D:8      | Killed Psyche
  8869 | D:8      | Noticed a green ugly thing
  8994 | D:8      | Killed a green ugly thing
  8994 | D:8      | Noticed a two-headed ogre
 10152 | D:8      | Killed a two-headed ogre
 10857 | D:9      | Reached XP level 11. HP: 74/74 MP: 19/28
 10991 | D:9      | Noticed a two-headed ogre
 11026 | D:9      | Killed a two-headed ogre
 11932 | D:10     | Entered Level 10 of the Dungeon
 12257 | D:10     | Reached skill level 10 in Spellcasting
 12651 | D:10     | Found a transporter.
 12674 | D:10     | Found a transporter.
 12675 | D:10     | Noticed cdecastro's ghost (novice AtWr)
 13490 | D:10     | Killed cdecastro's ghost
 13688 | D:11     | Noticed a boulder beetle
 13914 | D:11     | Killed a boulder beetle
 14079 | D:11     | Identified the +9 falchion "Feennuus" {venom, Str+2 Int+4}
 14119 | D:11     | Noticed a two-headed ogre
 14465 | D:11     | Killed a two-headed ogre
 14466 | D:11     | Reached skill level 1 in Shields
 14888 | D:11     | Found a staircase to the Lair.
 15494 | Lair:1   | Entered Level 1 of the Lair of Beasts
 15498 | Lair:1   | Learned a level 2 spell: Sublimation of Blood
 15501 | Lair:1   | Learned a level 2 spell: Wereblood
 15787 | Lair:1   | Reached XP level 12. HP: 81/81 MP: 20/32
 15925 | Lair:1   | Reached skill level 10 in Translocations
 16057 | Lair:1   | Noticed bairyn's ghost (journeyman SpRe)
 16057 | Lair:1   | Noticed an ice dragon
 16204 | Lair:1   | Found a runed translucent gate.
 16204 | Lair:1   | Found a runed translucent gate.
 16204 | Lair:1   | Found a runed translucent gate.
 16731 | Lair:1   | Noticed Gastronok
 17247 | Lair:1   | Killed Gastronok
 17723 | Lair:2   | Found a hole to the Spider Nest.
 18603 | Lair:2   | Noticed a six-headed hydra
 18613 | Lair:2   | Killed a six-headed hydra
 18805 | Lair:2   | Reached skill level 5 in Shields
 19218 | Lair:3   | Reached XP level 13. HP: 69/86 MP: 17/33
 19554 | Lair:3   | Found a staircase to the Swamp.
 19699 | Lair:3   | Found a runed translucent gate.
 19701 | Lair:3   | Found a runed translucent gate.
 19702 | Lair:3   | Found a runed translucent gate.
 19702 | Lair:3   | Noticed Petet's ghost (journeyman HOGl)
 22027 | Lair:3   | Reached skill level 10 in Shields
 22198 | Lair:3   | Killed Petet's ghost
 22199 | Lair:3   | Reached skill level 1 in Armour
 22764 | Lair:4   | Identified the +6 great sword of Ynuan {freeze, +Blink rC-
                  | Str+3}
 24124 | Lair:4   | Identified a scroll of acquirement
 24124 | Lair:4   | Acquired the amulet "Ociuscharr" {RegenMP rElec MP+9}
 24181 | Lair:5   | Entered Level 5 of the Lair of Beasts
 24186 | Lair:5   | Reached skill level 5 in Armour
 24358 | Lair:5   | Identified the +1 robe of the Midnight Sun {rF+ Will+}
 24435 | Lair:5   | Reached XP level 14. HP: 93/93 MP: 34/35
 25287 | Lair:5   | Reached skill level 1 in Transmutations
 25521 | Lair:5   | Found a staircase to the Slime Pits.
 26019 | Lair:1   | Killed bairyn's ghost
 26252 | Lair:1   | Got Cottettasme's Lessons on Grisly Terra Firma
 26860 | D:12     | Found a staircase to the Orcish Mines.
 27579 | D:13     | Reached skill level 5 in Transmutations
 27859 | D:13     | Reached skill level 1 in Necromancy
 27913 | D:13     | Identified the staff of earth "Joenen Huuci" {Will+ MP+9}
 28342 | D:13     | Identified the +0 chain mail "Keonaqe" {rF+}
 28387 | D:13     | Noticed Lodul
 28399 | D:13     | Killed Lodul
 28636 | D:13     | Noticed Maurice
 28646 | D:13     | Killed Maurice
 28802 | D:13     | Noticed a tengu reaver
 28811 | D:13     | Killed a tengu reaver
 28812 | D:13     | Reached skill level 5 in Necromancy
 28946 | D:13     | Noticed Rupert
 28979 | D:13     | Reached skill level 1 in Fighting
 28981 | D:13     | Killed Rupert
 29205 | D:13     | Noticed a fire giant
 29218 | D:13     | Killed a fire giant
 29278 | D:13     | Found a gate to the Vaults.
 29485 | Orc:1    | Entered Level 1 of the Orcish Mines
 29496 | D:12     | Learned a level 6 spell: Statue Form
 29503 | D:12     | Learned a level 6 spell: Iron Shot
 29506 | D:12     | Learned a level 2 spell: Sublimation of Blood
 29518 | Orc:1    | Noticed an orc warlord
 29600 | Orc:1    | Killed an orc warlord
 29601 | Orc:1    | Reached XP level 15. HP: 24/111 MP: 17/36
 29876 | Orc:1    | Noticed Erica
 29892 | Orc:1    | Killed Erica
 29893 | Orc:1    | Reached skill level 5 in Fighting
 30099 | Orc:1    | Noticed Snorg
 30107 | Orc:1    | Killed Snorg
 30294 | Orc:2    | Entered Level 2 of the Orcish Mines
 30315 | Orc:2    | Found a staircase to the Elven Halls.
 30426 | Orc:2    | Found Hyjagar's General Store.
 30437 | Orc:2    | Noticed Azrael
 30446 | Orc:2    | Reached skill level 1 in Earth Magic
 30446 | Orc:2    | Gained mutation: You are frail. (-10% HP) [potion of
                  | mutation]
 30446 | Orc:2    | Gained mutation: Your mind is acute. (Int +4, Str/Dex -1)
                  | [potion of mutation]
 30446 | Orc:2    | Gained mutation: You are partially covered in iridescent
                  | scales. (AC +2) [potion of mutation]
 30446 | Orc:2    | Gained mutation: You are strong-willed. (Will+) [potion of
                  | mutation]
 30459 | Orc:2    | Found Dexewooh's Distillery.
 30461 | Orc:2    | Killed Azrael
 30643 | Orc:2    | Bought a potion of attraction for 48 gold pieces
 30648 | Orc:2    | Found Yxziad's Antique Armour Shoppe.
 30728 | Orc:2    | Found Wifeox's Armour Boutique.
 30742 | Orc:2    | Noticed Josephine
 30748 | Orc:2    | Noticed Jorgrun
 31089 | Orc:2    | Killed Josephine
 31228 | Orc:2    | Killed Jorgrun
 31632 | Orc:2    | Reached skill level 5 in Earth Magic
 31916 | Orc:2    | Found Gyparo's Antique Armour Shoppe.
 31916 | Orc:2    | Found Ateo's Antique Weapon Shop.
 32110 | Orc:2    | Found Rakiot's Assorted Antiques.
 32110 | Orc:2    | Found Zaatiaka's Antique Weapon Shop.
 32219 | Orc:2    | Found Amonaf's Antique Weapon Shoppe.
 32303 | Orc:2    | Bought a distressingly furry helmet for 228 gold pieces
 32303 | Orc:2    | Identified the +0 helmet of Rideo {rF+ rC++ rN+ Int-2
                  | Slay+3} (You bought it in a shop on level 2 of the Orcish
                  | Mines)
 32325 | Orc:2    | Lost mutation: Your mind is acute. (Int +4, Str/Dex -1)
                  | [potion of mutation]
 32325 | Orc:2    | Lost mutation: You are strong-willed. (Will+) [potion of
                  | mutation]
 32325 | Orc:2    | Lost mutation: You are frail. (-10% HP) [potion of
                  | mutation]
 32325 | Orc:2    | Gained mutation: You have large cloven feet. [potion of
                  | mutation]
 32325 | Orc:2    | Gained mutation: You have hidden genetic defects. [potion
                  | of mutation]
 32326 | Orc:2    | Lost mutation: You are partially covered in iridescent
                  | scales. (AC +2) [potion of mutation]
 32326 | Orc:2    | Lost mutation: You have hidden genetic defects. [potion of
                  | mutation]
 32326 | Orc:2    | Gained mutation: You possess an exceptional clarity of
                  | mind. [potion of mutation]
 32326 | Orc:2    | Lost mutation: You possess an exceptional clarity of mind.
                  | [potion of mutation]
 32326 | Orc:2    | Gained mutation: Your natural rate of healing is unusually
                  | fast. [potion of mutation]
 32326 | Orc:2    | Gained mutation: You have sharp fingernails. [potion of
                  | mutation]
 32337 | Orc:2    | Bought twisted shadow dragon scales for 2040 gold pieces
 32337 | Orc:2    | Identified the +0 shadow dragon scales of the Hills {Int+3
                  | Stlth++++} (You bought it in a shop on level 2 of the
                  | Orcish Mines)
 32340 | Orc:2    | Bought a scroll labelled PACKYO XOFA for 24 gold pieces
 32628 | D:14     | Found Laacviug's Assorted Antiques.
 33223 | D:14     | Noticed Frances
 33229 | D:14     | Killed Frances
 33333 | D:14     | Identified Roxanne's Compilation of the Figure
 33333 | D:14     | Noticed Roxanne
 33516 | D:14     | Identified the +6 tower shield of Cilezanipt {rF++ Will-
                  | rCorr Dex-2}
 33516 | D:14     | Noticed Louise
 33539 | D:14     | Killed Louise
 33783 | D:15     | Entered Level 15 of the Dungeon
 34275 | D:15     | Reached skill level 10 in Armour
 34725 | D:15     | Noticed a fire giant
 34726 | D:15     | Found a transporter.
 34727 | D:15     | Noticed Uwkoecio's ghost (journeyman HOFi)
 34735 | D:15     | Found a transporter.
 34840 | D:15     | Found a staircase to the Depths.
 35112 | D:15     | Learned a level 5 spell: Borgnjor's Vile Clutch
 35119 | D:15     | Learned a level 6 spell: Iron Shot
 35337 | Spider:1 | Entered Level 1 of the Spider Nest
 35367 | Spider:1 | Found a frozen archway.
 35384 | IceCv    | Entered an ice cave
 36010 | IceCv    | Reached XP level 16. HP: 126/126 MP: 23/37
 36463 | Spider:1 | Identified the +3 pair of gloves of the Maze {Fly}
 36463 | Spider:1 | Noticed Nikola
 36487 | Spider:1 | Killed Nikola
 38815 | Spider:2 | Reached skill level 1 in Long Blades
 40267 | Spider:3 | Reached skill level 5 in Long Blades
 40374 | Spider:3 | Noticed Agnes
 40411 | Spider:3 | Killed Agnes
 41203 | Spider:4 | Entered Level 4 of the Spider Nest
 42168 | Spider:4 | Noticed Arachne
 42169 | Spider:4 | Reached XP level 17. HP: 117/125 MP: 24/38
 42955 | Spider:4 | Killed Arachne
 42956 | Spider:4 | Reached skill level 10 in Long Blades
 43923 | Spider:4 | Got a gossamer rune of Zot
 44191 | Swamp:1  | Entered Level 1 of the Swamp
 45715 | Swamp:2  | Found a transporter.
 45731 | Swamp:2  | Found a transporter.
 45733 | Swamp:2  | Noticed Buem's ghost (adept OgHs)
 46437 | Swamp:2  | Found a one-way gate to the infinite horrors of the Abyss.
 46454 | Swamp:2  | Learned a level 4 spell: Leda's Liquefaction
 46471 | Swamp:3  | Noticed a tentacled monstrosity
 46488 | Swamp:3  | Killed a tentacled monstrosity
 46491 | Swamp:3  | Noticed Aizul
 46568 | Swamp:3  | Noticed a tentacled monstrosity
 46683 | Swamp:2  | Killed from afar by Aizul

Illustrated notes

Levels and vault maps discovered:
D:1:      reono_arrival_forest_river, layout_basic
D:2:      layout_basic
D:3:      layout_rooms, lemuel_tele_altar
D:4:      layout_rooms, nzn_wu_jian_contemplation
D:5:      layout_loops_corners, mainiacjoe_overflow_catwalk,
          serial_bayou_crossing
D:6:      layout_cave_pools, mainiacjoe_overflow_paths, gup_sewer_entry_pipe,
          minmay_increasing_density
D:7:      layout_cave_pools, temple_statues, kennysheep_opposing_triangles,
          uniq_menkaure
D:8:      minmay_bloctagon, layout_cave_pools, nicolae_qazlal_style_of_elements,
          kennysheep_mini_moat, minmay_alternating_orb, uniq_psyche
D:9:      layout_loops_ring, serial_rivers, chequers_serial_rivers_small_a,
          chequers_serial_rivers_micro_e, chequers_serial_rivers_micro_c,
          chequers_serial_rivers_small_3, chequers_serial_rivers_small_a,
          chequers_serial_rivers_room_b, corexii_hall_statues_s
D:10:     layout_roguey, mainiacjoe_overflow_boulevard,
          mainiacjoe_overflow_cross_hatched, gammafunk_ghost_hive
D:11:     layout_basic, david_lair_shrubbed, minmay_fractal_squares_5
D:12:     layout_roguey, zombieorc1_lemuel, trog_hazing_becter
D:13:     minmay_chopped_fan, layout_basic, david_vaults_2, uniq_rupert,
          uniq_lodul, uniq_maurice
D:14:     layout_basic, special_room [special_room_mythical_zoo],
          grunt_gozag_statues, serial_shops, nicolae_shop_trees, uniq_roxanne,
          uniq_frances, uniq_louise
D:15:     grunt_enter_depths_magical_seal, layout_basic, gammafunk_ghost_arena,
          billiards_dpeg
Lair:1:   layout_regular_city, gammafunk_ghost_icy, columned_hall_lemuel,
          uniq_gastronok
Lair:2:   layout_roguey, nicolae_spider_entry_non_spiders, lemuel_fruit_tree
Lair:3:   layout_chaotic_city, minmay_swamp_entry_reptiles,
          gammafunk_ghost_hydra_chop, wad_woods_road_02,
          hangedman_lair_unloving_vines, st_stairs_9, fungi_pond_lemuel,
          grunt_forest_large_clearing_hut
Lair:4:   layout_small_grid
Lair:5:   minmay_lair_end_enchanted_forest, layout_loops_ring,
          dpeg_slime_entry_enclosed, grunt_megastairs_1
Swamp:1:  layout_basic_swamp, evilmike_swamp_ruin_wall
Swamp:2:  layout_falls_marsh, gammafunk_ghost_abyssal_escape,
          nicolae_swamp_small_spring, swamp_pool5,
          nicolae_swamp_hydra_murder_den
Swamp:3:  layout_falls_marsh, nicolae_swamp_some_circles,
          nzn_swamp_dancing_lights, uniq_aizul
Spider:1: layout_chambers, portal_ice_cave_entry_pillars_1, hive_lemuel,
          hangedman_spider_tarantella_strand, uniq_nikola
Spider:2: layout_chambers, worms_lemuel
Spider:3: layout_spider_delve, uniq_agnes
Spider:4: hellmonk_spider_rune_bug_friends, nicolae_arachne_temple
Orc:1:    layout_caves, uniq_snorg, uniq_erica
Orc:2:    st_orc_town, layout_caves, serial_shops, shop, shop,
          nicolae_shop_rolling_square, nicolae_shop_rolling_square,
          nicolae_shop_tiny_glass, uniq_azrael, uniq_josephine, uniq_jorgrun

Skill      XL: |  1  2  3  4  5  6  7  8  9 10 11 12 13 14 15 16 17 |
---------------+----------------------------------------------------+-----
Spellcasting   | 2 3 4 9 12 | 12.0
Conjurations   | 4 5 7 9 10 12 | 12.1
Translocations | 4 8 9 11 | 11.0
Shields        | 1 5 10 | 10.6
Armour         | 6 9 10 | 10.2
Transmutations | 5 |  5.4
Necromancy     | 5 6 9 |  9.5
Fighting       | 4 7 8 |  8.8
Earth Magic    | 6 8 |  8.0
Long Blades    | 8 12 | 12.0
Dodging        | |  1.7
Stealth        | |  1.7

Action                     |  1- 3 |  4- 6 |  7- 9 | 10-12 | 13-15 | 16-18 || total
---------------------------+-------+-------+-------+-------+-------+-------++-------
  Melee: Dagger            |     2 |       |       |       |       |       ||     2
         Whip              |       |       |    73 |    12 |       |       ||    85
         Punch             |       |       |     1 |       |       |       ||     1
         Falchion          |       |       |       |    75 |   158 |   258 ||   491
   Cast: Magic Dart        |    93 |    87 |    45 |     1 |     2 |    11 ||   239
         Searing Ray       |       |    10 |    34 |     3 |     2 |     3 ||    52
         Iskenderun's Myst |       |       |    45 |   359 |  1010 |   824 ||  2238
         Sublimation of Bl |       |       |       |       |     3 |       ||     3
         Wereblood         |       |       |       |       |     2 |     1 ||     3
         Iron Shot         |       |       |       |       |     1 |       ||     1
         Borgnjor's Vile C |       |       |       |       |       |    26 ||    26
    Use: Scroll            |       |       |     6 |     3 |    18 |    14 ||    41
         Potion            |       |       |       |       |    11 |    11 ||    22
   Stab: Sleeping          |       |       |       |       |       |     1 ||     1
 Armour: Robe              |    13 |     4 |     1 |       |       |       ||    18
         Steam dragon scal |       |       |    36 |     2 |       |       ||    38
         Leather armour    |       |       |       |    54 |   102 |       ||   156
         Shadow dragon sca |       |       |       |       |    82 |   551 ||   633
  Dodge: Dodged            |    24 |    19 |   123 |   181 |   293 |   387 ||  1027
  Block: Other             |       |     4 |    53 |    42 |       |       ||    99
         Reflection        |       |       |     5 |     2 |       |       ||     7
         Buckler           |       |       |       |    37 |    50 |       ||    87
         Kite shield       |       |       |       |       |   264 |   409 ||   673
